 Dungeon Crawl Stone Soup version 0.20-a0-386-g2d247ea (webtiles) character file.

72438 AlphabetPasta the Tainter (level 15, -6/79 HPs)
             Began as a Deep Elf Venom Mage on Dec 28, 2016.
             Was a High Priest of Vehumet.
             Hit by a large rock thrown by a stone giant (28 damage)
             ... on level 2 of the Orcish Mines.
             The game lasted 03:17:30 (27293 turns).

AlphabetPasta the Tainter (Deep Elf Venom Mage)    Turns: 27293, Time: 03:17:31

Health: -6/79      AC: 10    Str:  5    XL:     15   Next: 1%
Magic:  35/35      EV: 17    Int: 27    God:    Vehumet [*****.]
Gold:   1964       SH:  0    Dex: 15    Spells: 5/43 levels left

rFire  + . .     SeeInvis .     a - +2 quick blade (flame)
rCold  x . .     Gourm    .     D - +0 steam dragon scales
rNeg   . . .     Faith    .     (no shield)
rPois  .         Spirit   .     z - +1 helmet
rElec  .         Reflect  .     u - +0 cloak
rCorr  .         Harm     .     d - +0 pair of gloves
MR     +....                    J - +0 pair of boots
Stlth  ++........               (no amulet)
                                w - ring of wizardry
                                o - ring of fire

@: very slightly contaminated, invisible
A: no striking features
a: Renounce Religion


You were on level 2 of the Orcish Mines.
You worshipped Vehumet.
Vehumet was extremely pleased with you.
You were not hungry.

You visited 4 branches of the dungeon, and saw 21 of its levels.
You also visited: Volcano.

You collected 2369 gold pieces.
You spent 405 gold pieces at shops.

Inventory:

Hand Weapons
 a - a +2 quick blade of flaming (weapon)
Armour
 d - a +0 pair of gloves (worn)
 u - a +0 cloak (worn)
 z - a +1 helmet (worn)
 D - +0 steam dragon scales (worn)
 J - a +0 pair of boots (worn)
 T - a +0 buckler
Magical Staves
 L - an uncursed staff of cold
Jewellery
 i - an uncursed ring of poison resistance
 o - a ring of fire (left hand)
 w - a ring of wizardry (right hand)
 E - an uncursed ring of positive energy
 N - an uncursed ring of protection from cold
 O - an uncursed ring of protection from cold
 R - an uncursed ring of resist corrosion
 X - an uncursed ring of flight
Wands
 g - a wand of acid (9/15)
 C - a wand of digging (16/24)
 G - a wand of confusion (31/48)
 H - a wand of slowing (35/48)
 M - a wand of disintegration (10/24)
 V - a wand of paralysis (8/24)
 Y - a wand of lightning (12/15)
Scrolls
 h - 7 scrolls of remove curse
 j - 5 scrolls of enchant armour
 q - a scroll of brand weapon
 v - 2 scrolls of fear
 y - 6 scrolls of teleportation
 A - 4 scrolls of recharging
 B - a scroll of magic mapping
 Q - 8 scrolls of identify
 S - a scroll of blinking
 Z - 2 scrolls of fog
Potions
 e - 2 potions of berserk rage
 k - 2 potions of brilliance
 l - 11 potions of curing
 m - 5 potions of flight
 n - a potion of heal wounds
 r - 3 potions of haste
 K - 3 potions of agility
 W - a potion of cure mutation
Books
 s - a book of Flames

   Spells                             Type                      Level
   a - Flame Tongue                   Conjuration/Fire             1
   b - Throw Flame                    Conjuration/Fire             2
   c - Conjure Flame                  Conjuration/Fire             3
   d - Inner Flame                    Hexes/Fire                   3
   e - Sticky Flame                   Conjuration/Fire             4
   f - Fireball                       Conjuration/Fire             5
 F - a book of Geomancy

   Spells                             Type                      Level
   a - Sandblast                      Earth                        1
   b - Passwall                       Transmutation/Earth          2
   c - Stone Arrow                    Conjuration/Earth            3
   d - Petrify                        Transmutation/Earth          4
   e - Lee's Rapid Deconstruction     Earth                        5
Miscellaneous
 I - a phantom mirror
 P - a phial of floods
Comestibles
 b - 12 fruits
 c - 15 bread rations
 f - 6 meat rations
 p - 18 beef jerkies
 t - 7 chunks of flesh


   Skills:
 - Level 3.6 Fighting
 - Level 2.0 Short Blades
 - Level 3.0 Staves
 - Level 8.2 Dodging
 - Level 3.0 Stealth
 + Level 2.0 Shields
 + Level 14.6 Spellcasting
 * Level 13.3 Conjurations
 + Level 10.0 Fire Magic
 - Level 1.1 Air Magic
 + Level 9.8 Earth Magic
 * Level 14.9 Poison Magic
 - Level 3.5 Evocations


You had 5 spell levels left.
You knew the following spells:

 Your Spells              Type           Power        Failure   Level  Hunger
a - Sting                 Conj/Pois      ####         0%          1    None
b - Mephitic Cloud        Conj/Pois/Air  ######..     1%          3    None
c - Olgreb's Toxic Radia  Pois           #######.     1%          4    None
d - Flame Tongue          Conj/Fire      #####        1%          1    None
e - Conjure Flame         Conj/Fire      #######.     1%          3    None
f - Sticky Flame          Conj/Fire      #######.     1%          4    None
g - Ignite Poison         Fire/Tmut/Pois #######.     1%          3    None
h - Venom Bolt            Conj/Pois      #######...   1%          5    #......
i - Stone Arrow           Conj/Erth      ######       1%          3    None
j - Poisonous Cloud       Conj/Pois/Air  ######....   1%          5    #......
k - Iron Shot             Conj/Erth      ######....   1%          6    ####...


Dungeon Overview and Level Annotations

Branches:
Dungeon (12/15)            Temple (1/1) D:7            Lair (6/6) D:8
 Shoals (0/4) Lair:2        Snake (0/4) Lair:3        Slime (0/5) Lair:6
    Orc (2/2) D:9
    Elf: Orc:2

Altars:
Ashenzari
Cheibriados
Dithmenos
Elyvilon
Fedhas
Gozag
Hepliaklqana
Kikubaaqudgha
Makhleb
Nemelex Xobeh
Okawaru
Qazlal
Ru
Sif Muna
Trog
Uskayaw
Vehumet
Xom
Yredelemnul
Zin
The Shining One

Shops:
D:7 *   D:9 (   Orc:2 ?

Annotations:
D:3 Grinder
Lair:1 exclusion: 2 oklob plants
Orc:2 1 exclusion


Message History

You can't see any susceptible monsters within range! (Use Z to cast anyway.)
You feel much better.
The stone giant throws a large rock.
The large rock hits you!!!
* * * LOW HITPOINT WARNING * * *
Blink to where?
Press: ? - help, Dir - move target cursor You are very lightly contaminated with residual magic.
As you read the scroll of blinking, it crumbles to dust.
Casting: Ignite Poison
Confirm with . or Enter, or press ? or * to list all spells.
You can't see any susceptible monsters within range! (Use Z to cast anyway.)
Casting: Ignite Poison
Confirm with . or Enter, or press ? or * to list all spells.
Aiming: Poisonous Cloud
Press: ? - help, Dir - move target cursor You start resting.
Magic restored.
You fade into invisibility!
The stone giant throws a large rock.
The large rock hits you!!
You die...

..#......#....#.............#####
........#........##........###..#
..................#.#.....#.#....
.........................#...#..#
............#..........##....###.
.............#..........#...##(.#
........#...C##..........#...)...
...#.........................#...
....#...........@#.....(.........
........................#........
................)................
..##....∩........................
............#....................
#................................
....<............................
.#...##..........................
#..###....##..........#........#


You could see a stone giant.

Vanquished Creatures
  The ghost of hoot the Cruncher, a journeyman MiGl of Makhleb (Volcano)
  An ice dragon (Lair:6)
  A catoblepas (Lair:5)
  6 hydras
  A death knight (D:12)
  6 death yaks (Lair:6)
  A centaur warrior (Volcano)
  2 two-headed ogres
  A hell knight (Volcano)
  Pikel (D:8)
  2 lindwurms
  2 orc knights
  A cyclops (D:12)
  5 black mambas
  5 torpor snails (Lair:6)
  13 elephants
  Psyche (D:8)
  An eye of devastation (Lair:6)
  14 spiny frogs
  A gargoyle (D:12)
  6 komodo dragons
  A rime drake (Lair:4)
  A yaktaur (Volcano)
  4 tyrant leeches (Lair:6)
  7 hornets
  11 polar bears
  3 trolls
  4 raiju (Lair:6)
  11 hippogriffs
  20 blink frogs
  6 dream sheep
  63 yaks
  2 wyverns
  3 basilisks
  2 steam dragons
  Grum (D:9)
  4 vampire mosquitoes (D:12)
  6 wargs
  20 water moccasins
  13 hell hounds (Lair:6)
  Duvessa (D:4)
  An acid dragon (D:11)
  5 porcupines
  A swamp drake (Lair:1)
  16 black bears
  18 orc warriors
  An eye of draining (Lair:6)
  2 slaves (D:8)
  4 ice beasts
  3 phantoms
  3 sky beasts
  12 centaurs
  8 ogres
  30 wolves
  19 crocodiles
  A big kobold (D:11)
  18 bullfrogs
  A wyvern zombie (D:10)
  Dowan (D:4)
  5 scorpions
  A water moccasin skeleton (D:10)
  A wyvern skeleton (D:10)
  4 wights (D:11)
  6 howler monkeys
  A vampire bat (Lair:5)
  3 electric eels (Lair:2)
  2 centaur zombies
  3 crimson imps
  A bullfrog zombie (D:5)
  A quasit (D:8)
  5 orc priests
  2 hounds
  5 jellies
  2 bullfrog skeletons
  4 centaur skeletons
  A gnoll shaman (Orc:2)
  4 iguanas
  16 orc wizards
  9 worker ants
  Terence (D:3)
  A killer bee zombie (D:10)
  A hound zombie (D:11)
  2 hound skeletons
  Robin (D:4)
  A worker ant zombie (D:11)
  6 gnolls
  A howler monkey skeleton (D:7)
  A river rat (Lair:1)
  17 adders
  4 shadow imps
  3 oozes
  An adder zombie (D:9)
  6 worms
  4 dart slugs
  11 leopard geckos
  69 orcs
  2 ball pythons
  4 giant cockroaches
  10 hobgoblins
  9 jackals
  3 quokkas
  A ball python skeleton (D:6)
  25 bats
  10 frilled lizards
  13 goblins
  11 kobolds
  7 rats
  2 fungi
  2 plants
704 creatures vanquished.

Vanquished Creatures (others)
  2 slaves (D:8)
  A scorpion (D:8)
  A worm (D:4)
  A quokka (D:4)
  A frilled lizard (D:4)
  7 fungi
  25 plants
38 creatures vanquished.

Grand Total: 742 creatures vanquished

Notes
Turn   | Place    | Note
-------+----------+-------------------------------------------
     0 | D:1      | AlphabetPasta the Deep Elf Venom Mage began the quest for the Orb.
     0 | D:1      | Reached XP level 1. HP: 10/10 MP: 6/6
   208 | D:1      | Reached XP level 2. HP: 15/15 MP: 6/8
   743 | D:1      | Reached XP level 3. HP: 19/19 MP: 5/10
  1133 | D:2      | Learned a level 3 spell: Mephitic Cloud
  1204 | D:2      | Reached skill level 5 in Poison Magic
  2123 | D:3      | Noticed Grinder
  2154 | D:3      | Reached XP level 4. HP: 24/24 MP: 10/12
  2236 | D:3      | Learned a level 4 spell: Olgreb's Toxic Radiance
  2455 | D:3      | Reached skill level 1 in Conjurations
  2659 | D:3      | Noticed Terence
  2682 | D:3      | Killed Terence
  2774 | D:3      | Reached XP level 5. HP: 23/28 MP: 2/13
  2995 | D:4      | Noticed Duvessa
  3055 | D:4      | Killed Duvessa
  3095 | D:4      | Noticed Dowan
  3101 | D:4      | Killed Dowan
  3101 | D:4      | Reached XP level 6. HP: 22/32 MP: 1/15
  3291 | D:4      | Reached skill level 5 in Spellcasting
  3296 | D:4      | Found a shimmering altar of Xom.
  3301 | D:4      | Learned a level 1 spell: Flame Tongue
  3862 | D:4      | Noticed Robin
  3864 | D:4      | Reached XP level 7. HP: 35/36 MP: 14/16
  3871 | D:4      | Killed Robin
  4410 | D:5      | Entered Level 5 of the Dungeon
  4789 | D:5      | Reached skill level 1 in Air Magic
  4927 | D:5      | Learned a level 3 spell: Conjure Flame
  5187 | D:5      | Learned a level 3 spell: Conjure Flame
  5192 | D:5      | Learned a level 4 spell: Sticky Flame
  5734 | D:5      | Reached skill level 1 in Fighting
  5734 | D:5      | Reached skill level 5 in Conjurations
  5734 | D:5      | Reached skill level 1 in Fire Magic
  5734 | D:5      | Reached XP level 8. HP: 43/43 MP: 15/19
  5996 | D:6      | Reached skill level 1 in Short Blades
  7149 | D:7      | Reached skill level 1 in Evocations
  7219 | D:7      | Found a staircase to the Ecumenical Temple.
  7249 | Temple   | Entered the Ecumenical Temple
  7353 | Temple   | Became a worshipper of Vehumet
  7558 | D:7      | Found Xeam's Assorted Antiques.
  7564 | D:7      | Bought a scroll of identify for 58 gold pieces
  7564 | D:7      | Bought a scroll labeled EGOPOH YSHRAOLI for 29 gold pieces
  7564 | D:7      | Bought a scroll labeled GYPRAA SOGO for 29 gold pieces
  7564 | D:7      | Bought a scroll labeled HEKAJECWIAV for 29 gold pieces
  8118 | D:7      | Reached XP level 9. HP: 30/47 MP: 15/21
  8463 | D:7      | Upgraded the game from 0.20-a0-379-gc0b65bf to 0.20-a0-382-g289d6af
  8601 | D:8      | Noticed Psyche
  8614 | D:8      | Killed Psyche
  8757 | D:8      | Noticed Pikel
  8787 | D:8      | Killed Pikel
  9021 | D:8      | Reached * piety under Vehumet
  9021 | D:8      | Offered knowledge of Sandblast by Vehumet.
  9030 | D:8      | Learned a level 1 spell: Sandblast
  9481 | D:8      | Found a staircase to the Lair.
  9482 | D:8      | Reached skill level 1 in Earth Magic
  9663 | D:9      | Reached skill level 1 in Staves
  9835 | D:9      | Reached XP level 10. HP: 53/53 MP: 19/24
  9885 | D:9      | Offered knowledge of Shock by Vehumet.
  9964 | D:9      | Reached ** piety under Vehumet
  9999 | D:9      | Noticed Grum
 10007 | D:9      | Killed Grum
 10302 | D:9      | Reached skill level 5 in Fire Magic
 10323 | D:9      | Found Nahap's Antique Weapon Boutique.
 10347 | D:9      | Found a staircase to the Orcish Mines.
 10483 | D:10     | Entered Level 10 of the Dungeon
 10588 | D:10     | Learned a level 5 spell: Venom Bolt
 11044 | D:10     | Noticed a two-headed ogre
 11051 | D:10     | Killed a two-headed ogre
 11051 | D:10     | Offered knowledge of Searing Ray by Vehumet.
 11256 | D:10     | Reached skill level 5 in Dodging
 11264 | D:10     | Reached skill level 10 in Poison Magic
 11749 | D:11     | Reached *** piety under Vehumet
 12154 | D:11     | Reached XP level 11. HP: 52/57 MP: 23/26
 12484 | D:11     | Offered knowledge of Force Lance by Vehumet.
 12697 | D:11     | Reached skill level 10 in Conjurations
 13045 | D:11     | Reached skill level 10 in Spellcasting
 13080 | D:11     | Learned a level 3 spell: Stone Arrow
 13644 | D:12     | Reached skill level 5 in Earth Magic
 13910 | D:12     | Reached **** piety under Vehumet
 14402 | D:12     | Noticed a skeletal warrior
 14705 | D:12     | Noticed a skeletal warrior
 14731 | D:12     | Learned a level 5 spell: Lee's Rapid Deconstruction
 14916 | D:12     | Noticed a death knight
 14930 | D:12     | Killed a death knight
 15308 | D:12     | Noticed a two-headed ogre
 15315 | D:12     | Killed a two-headed ogre
 15419 | Lair:1   | Entered Level 1 of the Lair of Beasts
 15423 | Lair:1   | Offered knowledge of Ignite Poison by Vehumet.
 15523 | Lair:1   | Reached XP level 12. HP: 64/64 MP: 16/28
 15571 | D:8      | Learned a level 3 spell: Ignite Poison
 16701 | Lair:1   | Noticed a six-headed hydra
 16706 | Lair:1   | Killed a six-headed hydra
 17724 | Lair:2   | Found a staircase to the Shoals.
 18200 | Lair:3   | Reached ***** piety under Vehumet
 18266 | Lair:3   | Offered knowledge of Poisonous Cloud by Vehumet.
 18347 | Lair:3   | Learned a level 5 spell: Poisonous Cloud
 18722 | Lair:3   | Found a staircase to the Snake Pit.
 19149 | Lair:3   | Reached XP level 13. HP: 68/68 MP: 26/31
 21243 | Lair:5   | You fall through a shaft!
 21243 | Lair:6   | Entered Level 6 of the Lair of Beasts
 21468 | Lair:5   | Offered knowledge of Iron Shot by Vehumet.
 21826 | Lair:5   | Learned a level 6 spell: Iron Shot
 22807 | Lair:6   | Reached XP level 14. HP: 74/74 MP: 17/33
 23366 | Lair:6   | Found a staircase to the Slime Pits.
 23765 | Lair:6   | Found a runed door.
 24062 | Lair:6   | Offered knowledge of Bolt of Fire by Vehumet.
 24743 | Lair:6   | Reached skill level 1 in Shields
 25651 | Lair:6   | Upgraded the game from 0.20-a0-382-g289d6af to 0.20-a0-386-g2d247ea
 25856 | Orc:1    | Entered Level 1 of the Orcish Mines
 25912 | Orc:1    | Found a dark tunnel.
 25932 | Volcano  | Entered a volcano
 25950 | Volcano  | Noticed hoot's ghost (journeyman MiGl)
 25958 | Volcano  | Killed hoot's ghost
 25975 | Volcano  | Reached skill level 10 in Fire Magic
 26144 | Volcano  | Offered knowledge of Yara's Violent Unravelling by Vehumet.
 26792 | Orc:2    | Entered Level 2 of the Orcish Mines
 26836 | Orc:2    | Found Kuufonoj's Magic Scroll Boutique.
 26856 | Orc:2    | Bought a scroll of brand weapon for 260 gold pieces
 27046 | Orc:2    | Reached XP level 15. HP: 43/79 MP: 19/35
 27293 | Orc:2    | Hit by a large rock thrown by a stone giant

Vault maps used:
D:1:      mrwooster_arrival_arrow
D:2:      first_bread
D:3:      uniq_terence, uniq_grinder
D:4:      xom_confusion_cloud, uniq_robin, uniq_duvessa
D:7:      serial_shops, shop
D:8:      lair_entry_dummy, uniq_psyche, uniq_pikel
D:9:      orc_0_dummy, serial_shops, kennysheep_mini, uniq_grum
Temple:   kilobyte_greek_temple
Lair:1:   dpeg_oklob_gauntlet, pond
Lair:2:   shoals_dummy_entry, serial_bayou_lagoon_b, lemuel_fruit_tree
Lair:3:   minmay_snake_entry_six_corridors, serial_bayou_pond_c
Lair:4:   grunt_megastairs_2
Lair:5:   serial_bayou_pond_d, small_statue_intersection, roderic_batcave
Lair:6:   wormcave, hangedman_lair_caniforms_friends, minmay_slime_entry_eyes
Orc:1:    enter_volcano_1
Orc:2:    st_orc_rangers, serial_shops, shop_fountains, shop_coins
Volcano:  volcano_pools

Skill      XL: |  1  2  3  4  5  6  7  8  9 10 11 12 13 14 |
---------------+-------------------------------------------+-----
Spellcasting   | 4 5 6 7 8 9 10 12 13 14 | 14.6
Poison Magic   | 5 6 7 8 9 10 11 12 13 14 | 14.9
Conjurations   | 1 2 3 5 6 8 9 10 11 13 | 13.3
Dodging        | 3 4 5 6 8 |  8.2
Air Magic      | 1 |  1.1
Fighting       | 1 2 3 |  3.6
Fire Magic     | 1 2 4 5 7 8 9 10 | 10.0
Short Blades   | 2 |  2.0
Evocations     | 1 2 3 |  3.5
Earth Magic    | 1 4 5 7 8 9 |  9.8
Staves         | 1 2 3 |  3.0
Stealth        | 3 |  3.0
Shields        | 2 |  2.0

Action                   |  1- 3 |  4- 6 |  7- 9 | 10-12 | 13-15 || total
-------------------------+-------+-------+-------+-------+-------++-------
Melee: Dagger            |    11 |     8 |       |       |       ||    19
       Rapier            |       |    23 |   108 |    55 |    20 ||   206
 Cast: Sting             |    88 |   111 |   171 |    30 |    11 ||   411
       Mephitic Cloud    |     1 |     3 |    15 |    25 |    11 ||    55
       Olgreb's Toxic Ra |       |     2 |    12 |    52 |    66 ||   132
       Flame Tongue      |       |    23 |   113 |   258 |    36 ||   430
       Sticky Flame      |       |       |    12 |    64 |    26 ||   102
       Venom Bolt        |       |       |       |    23 |    17 ||    40
       Stone Arrow       |       |       |       |    64 |   228 ||   292
       Sandblast         |       |       |       |     7 |       ||     7
       Ignite Poison     |       |       |       |    16 |    74 ||    90
       Poisonous Cloud   |       |       |       |       |    19 ||    19
       Iron Shot         |       |       |       |       |     6 ||     6
Evoke: Wand              |       |       |     1 |       |       ||     1
  Use: Scroll            |     5 |     7 |    11 |    16 |     5 ||    44
       Potion            |       |     2 |     1 |       |     8 ||    11
 Stab: Sleeping          |     2 |       |     5 |     4 |       ||    11
       Paralysed         |       |       |     2 |       |       ||     2
       Confused          |       |       |     1 |     1 |       ||     2
  Eat: Chunk             |     4 |     5 |    19 |    24 |    14 ||    66
       Royal jelly       |       |       |     1 |     2 |     1 ||     4
       Fruit             |       |       |       |     3 |     5 ||     8
       Pizza             |       |       |       |     2 |       ||     2
       Beef jerky        |       |       |       |       |     1 ||     1
       Meat ration       |       |       |       |       |     1 ||     1
Armor: Robe              |     3 |     5 |    31 |       |       ||    39
       Steam dragon scal |       |       |     5 |    48 |    39 ||    92
Dodge: Dodged            |    14 |    29 |   154 |   146 |   142 ||   485
